 Dungeon Crawl Stone Soup version 0.26-a0-639-g72c4674329 (webtiles) character file.

Game seed: 2577179168648667693

7154 Apogee the Cleaver (level 10, -3/141 HPs)
             Began as a Minotaur Chaos Knight on Sept 25, 2020.
             Was a Plaything of Xom.
             Slain by a 13-headed hydra (6 damage)
             ... on level 11 of the Dungeon.
             The game lasted 00:16:49 (10636 turns).

Apogee the Cleaver (Minotaur Chaos Knight)         Turns: 10636, Time: 00:16:49

Health: -3/141     AC: 29    Str: 20      XL:     10   Next: 86%
Magic:  0/9        EV:  2    Int: 10 (11) God:    Xom [.*....]
Gold:   714        SH:  5    Dex: 10      Spells: 9/9 levels left

rFire    . . .     SeeInvis .   H - +0 war axe (elec)
rCold    . . .     Faith    .   g - +0 buckler
rNeg     + + +     Spirit   +   (armour currently unavailable)
rPois    +         Reflect  .   (helmet currently unavailable)
rElec    .         Harm     .   (cloak currently unavailable)
rCorr    .         Rampage  .   (gloves currently unavailable)
MR       .....     Clarity  +   (boots currently unavailable) Stlth +.........NoTele +
                                f - amulet of guardian spirit
HPRegen  0.33/turn              p - +4 ring of evasion
MPRegen  0.11/turn              D - +4 ring of protection

@: tree-form
A: (retaliatory headbutt), rugged brown scales 1, clarity, clever 1,
deterioration 1
a: Renounce Religion


You were on level 11 of the Dungeon.
You worshipped Xom.
You were a plaything of Xom.
You were a tree.
You visited 1 branch of the dungeon, and saw 11 of its levels.

You collected 714 gold pieces.

Inventory:

Hand Weapons
 a - a +0 hand axe of chaos
 G - the +6 falchion of Pride {protect, *Drain Dex+5, unknown}
   (You found it on level 8 of the Dungeon)

   It grants its wielder temporary protection when it strikes (+7 to AC).
   It affects your dexterity (+5).
   It causes draining when unequipped.
 H - a +0 war axe of electrocution (weapon)
   (You took it off an orc on level 5 of the Dungeon)
Missiles
 q - 6 boomerangs (quivered)
 r - 8 javelins
Armour
 b - a +2 leather armour
 g - a +0 buckler (worn)
   (You found it on level 1 of the Dungeon)
 i - a +0 pair of boots (melded)
   (You found it on level 1 of the Dungeon)
 l - a +1 plate armour (melded)
   (You took it off an orc warrior on level 8 of the Dungeon)
 s - a +0 chain mail
   (You found it on level 3 of the Dungeon)
 C - a scarf of repulsion (melded)
   (You found it on level 6 of the Dungeon)
 N - a +1 pair of gloves (melded)
   (You found it on level 9 of the Dungeon)
Jewellery
 f - an amulet of guardian spirit (around neck)
   (You found it on level 1 of the Dungeon)
 p - a +4 ring of evasion (left branch)
   (You found it on level 2 of the Dungeon)
 u - an uncursed ring of flight
   (You found it on level 3 of the Dungeon)
 D - a +4 ring of protection (right branch)
   (You found it on level 6 of the Dungeon)
 F - an uncursed ring of magical power {unknown}
   (You found it on level 8 of the Dungeon)
Wands
 d - a wand of iceblast (9)
   (You took it off Maurice on level 10 of the Dungeon)
 t - a wand of flame (1)
   (You took it off a goblin on level 9 of the Dungeon)
Scrolls
 c - a scroll of magic mapping {unknown}
 j - 5 scrolls of fear
 k - 5 scrolls of enchant armour
 m - 2 scrolls of blinking {unknown}
 w - 3 scrolls of amnesia {unknown}
 x - 2 scrolls of remove curse {unknown}
 y - 2 scrolls of random uselessness {unknown}
 z - 3 scrolls of fog {unknown}
 K - 2 scrolls of enchant weapon {unknown}
 L - 4 scrolls of teleportation {@r4}
 M - a scroll of identify {@r1}
 O - a scroll of acquirement {unknown}
 P - a scroll of brand weapon {unknown}
 Q - a scroll of noise {unknown}
Potions
 e - 5 potions of degeneration {!q}
 h - a potion of ambrosia {unknown}
 n - 3 potions of lignification {!q}
 o - 2 potions of stabbing
 v - 2 potions of brilliance {unknown}
 A - 2 potions of cancellation
 B - 3 potions of curing {@q1}
 E - 3 potions of might
 I - a potion of berserk rage {unknown}
 J - 2 potions of flight {unknown}


   Skills:
 + Level 9.7 Fighting
 * Level 12.8 Axes
 + Level 9.4 Armour
 - Level 1.1 Dodging
 + Level 8.6 Shields


You had 9 spell levels left.
You didn't know any spells.
Your spell library contained the following spells:

 Spells                   Type           Power        Failure   Level
 Corona                   Hex            #......      36%         1
 Shock                    Conj/Air       #...         36%         1
 Sting                    Tmut/Pois      #...         36%         1
 Ensorcelled Hibernation  Hex/Ice        #.....       50%         2
 Poisonous Vapours        Pois/Air       #.....       50%         2
 Swiftness                Air            #.......     50%         2
 Confusing Touch          Hex            #.......     75%         3
 Dazzling Flash           Conj/Hex       #.....       75%         3
 Ignite Poison            Fire/Tmut/Pois #.......     75%         3
 Mephitic Cloud           Conj/Pois/Air  #.......     75%         3
 Static Discharge         Conj/Air       #.......     75%         3
 Tukima's Dance           Hex            #.......     75%         3
 Airstrike                Air            #.........   98%         4
 Olgreb's Toxic Radiance  Pois           #.......     98%         4
 Summon Lightning Spire   Summ/Air       #.......     98%         4
 Lightning Bolt           Conj/Air       #.........   100%        5
 Silence                  Hex/Air        #.........   100%        5
 Conjure Ball Lightning   Conj/Air       #.........   100%        6
 Tornado                  Air            #.........   100%        9


Dungeon Overview and Level Annotations

Branches:
Dungeon (11/15)            Temple (0/1) D:6            Lair (0/6) D:9
    Orc: D:9-12

Altars:
Ashenzari
Cheibriados
Dithmenos
Elyvilon
Gozag
Kikubaaqudgha
Nemelex Xobeh
Qazlal
Ru
Trog
Vehumet
Xom
Zin
Beogh

Shops:
D:9 *


Innate Abilities, Weirdness & Mutations

((You reflexively headbutt those who attack you in melee.))
((You have a pair of horns on your head.))
((You have sharp toenails.))
(You are partially covered in rugged brown scales. (AC +1, +3% HP))
You possess an exceptional clarity of mind.
Your mind is acute. (Int +2)
((Armour fits poorly on your strangely shaped body.))
Your body sometimes deteriorates upon taking damage.


Message History

Lightning courses through the ten-headed hydra!
You block the ten-headed hydra's attack.
The ten-headed hydra bites you but does no damage. x9
Unknown command.
You hit the ten-headed hydra. The ten-headed hydra bites you.
* * * LOW HITPOINT WARNING * * *
The ten-headed hydra bites you but does no damage.
The ten-headed hydra bites you.
* * * LOW HITPOINT WARNING * * *
The ten-headed hydra bites you but does no damage. x2
The ten-headed hydra bites you.
* * * LOW HITPOINT WARNING * * *
The ten-headed hydra barely misses you.
The ten-headed hydra bites you but does no damage.
The ten-headed hydra bites you.
* * * LOW HITPOINT WARNING * * *
The ten-headed hydra bites you but does no damage.
You chop one of the ten-headed hydra's heads off!
The nine-headed hydra grows two more!
You hit the 11-headed hydra. The 11-headed hydra bites you.
* * * LOW HITPOINT WARNING * * *
You block the 11-headed hydra's attack.
The 11-headed hydra bites you but does no damage. x4
The 11-headed hydra bites you!
* * * LOW HITPOINT WARNING * * *
The 11-headed hydra barely misses you.
The 11-headed hydra bites you but does no damage. x3
You chop one of the 11-headed hydra's heads off!
The ten-headed hydra grows two more!
You slash the 12-headed hydra!
Lightning courses through the 12-headed hydra!
The 12-headed hydra bites you but does no damage.
The 12-headed hydra bites you.
* * * LOW HITPOINT WARNING * * *
The 12-headed hydra bites you but does no damage. x3
The 12-headed hydra bites you!
* * * LOW HITPOINT WARNING * * *
The 12-headed hydra bites you.
* * * LOW HITPOINT WARNING * * *
The 12-headed hydra bites you.
* * * LOW HITPOINT WARNING * * *
The 12-headed hydra bites you!
* * * LOW HITPOINT WARNING * * *
The 12-headed hydra bites you but does no damage. x2
You block the 12-headed hydra's attack.
You slice one of the 12-headed hydra's heads off!
The 11-headed hydra grows two more!
You slash the 13-headed hydra! You block the 13-headed hydra's attack.
The 13-headed hydra barely misses you. You block the 13-headed hydra's attack.
The 13-headed hydra bites you!
You die...
Xom snickers!

.....##..#
##.####.###.# #..
#.# #.# #.# #.. .#
#.# #.# #.# .# #.#
#.# #.# #.# #.# #.#
#.# #.# #.#
#.###.###.###.##..
#...#.....♣D).....
#.###.########.####
#. #....# #. #.####
## .## #


You could see a 13-headed hydra.

Vanquished Creatures
  An unseen horror (D:11)
  Maurice (D:10)
  A hornet (D:10)
  A hippogriff (D:9)
  Sigmund (D:2)
  3 yaks (D:9)
  A wraith (D:10)
  Grum (D:10)
  3 wargs (D:9)
  8 orc warriors
  An ice beast (D:7)
  A sky beast (D:7)
  A necrophage (D:8)
  7 ogres
  2 phantoms
  3 wolves (D:10)
  2 centaurs
  2 big kobolds
  A bullfrog (D:5)
  A wyvern zombie (D:7)
  A scorpion (D:9)
  A wyvern skeleton (D:9)
  5 killer bees (D:9)
  A howler monkey (D:7)
  4 jellies
  3 bullfrog zombies
  5 centaur zombies
  6 orc wizards
  A quasit (D:11)
  3 centaur skeletons
  4 orc priests
  3 hounds
  4 iguanas
  Ijyb (D:4)
  10 worker ants
  2 hound zombies
  A hound skeleton (D:7)
  A mummy (D:8)
  8 adders
  A shadow imp (D:10)
  5 white imps
  An adder zombie (D:7)
  5 dart slugs
  5 leopard geckos
  48 orcs
  A ball python (D:4)
  5 giant cockroaches
  11 goblins
  4 hobgoblins
  10 jackals
  2 quokkas (D:9)
  4 bats
  5 frilled lizards
  A goblin zombie (D:8)
  A jackal skeleton (D:5)
  A jackal zombie (D:5)
  20 kobolds
  A leopard gecko skeleton (D:4)
  An orc zombie (D:8)
  3 rats
241 creatures vanquished.

Vanquished Creatures (collateral kills)
  Edmund (D:5)
  An orc (D:7)
  2 kobolds (D:7)
  A quokka skeleton (D:5)
5 creatures vanquished.

Grand Total: 246 creatures vanquished

Notes
Turn   | Place    | Note
-------+----------+-------------------------------------------
     0 | D:1      | Apogee the Minotaur Chaos Knight began the quest for the
                  | Orb.
     0 | D:1      | Reached XP level 1. HP: 19/19 MP: 0/0
   194 | D:1      | Reached skill level 4 in Axes
   194 | D:1      | Reached XP level 2. HP: 26/27 MP: 1/1
   204 | D:1      | XOM: silly message
   221 | D:1      | XOM: butterfly on damage
   489 | D:1      | XOM: noise
   577 | D:1      | XOM: silly message
   780 | D:1      | XOM: cloud trail
  1020 | D:2      | Reached XP level 3. HP: 28/33 MP: 2/2
  1083 | D:2      | Noticed Sigmund
  1089 | D:2      | XOM: potion effect (might)
  1092 | D:2      | Killed Sigmund
  1092 | D:2      | Reached skill level 5 in Axes
  1092 | D:2      | Reached XP level 4. HP: 23/41 MP: 3/3
  1092 | D:2      | Reached XP level 5. HP: 26/47 MP: 4/4
  1093 | D:2      | Gained mutation: You can translocate small distances at
                  | will. [potion of mutation]
  1093 | D:2      | Gained mutation: You evolve. [potion of mutation]
  1093 | D:2      | Gained mutation: Your spells are a little harder to cast,
                  | but a little more powerful. [potion of mutation]
  1129 | D:2      | Gained mutation: You have sharp toenails. [evolution]
  1189 | D:2      | XOM: god gift: 5 arrows
  1469 | D:2      | XOM: god gift: 42 gold pieces
  1516 | D:2      | Found a snail-covered altar of Cheibriados.
  1649 | D:2      | XOM: god gift: club {god gift}
  2216 | D:4      | Noticed a phantom
  2264 | D:4      | Killed a phantom
  2264 | D:4      | Reached skill level 5 in Fighting
  2264 | D:4      | Reached skill level 6 in Axes
  2264 | D:4      | Reached XP level 6. HP: 41/56 MP: 5/5
  2399 | D:4      | Noticed Ijyb
  2408 | D:4      | Killed Ijyb
  2494 | D:4      | XOM: confuse monster(s)
  2584 | D:4      | XOM: silly message
  2630 | D:4      | Reached XP level 7. HP: 44/61 MP: 4/6
  2784 | D:4      | Found a sacrificial altar of Ru.
  2797 | D:4      | Reached skill level 7 in Axes
  2813 | D:4      | XOM: divination: detect creatures
  2897 | D:4      | XOM: potion effect (haste)
  2996 | D:4      | XOM: god gift: 56 gold pieces
  3015 | D:4      | XOM: potion effect (invisibility)
  3017 | D:4      | Reached skill level 5 in Armour
  3062 | D:4      | XOM: cloud trail
  3367 | D:4      | XOM: scenery: summon butterflies
  3384 | D:4      | XOM: 8-stop teleportation journey
  3466 | D:4      | XOM: divination: magic mapping
  3549 | D:4      | Found a shimmering altar of Xom.
  3897 | D:5      | Entered Level 5 of the Dungeon
  4047 | D:5      | Found a white marble altar of Elyvilon.
  4047 | D:5      | XOM: 8-stop teleportation journey
  4149 | D:5      | Reached skill level 8 in Axes
  4149 | D:5      | Reached XP level 8. HP: 55/70 MP: 7/7
  4241 | D:5      | XOM: scenery: create altars
  4242 | D:5      | Noticed Edmund
  4245 | D:5      | Killed Edmund
  4360 | D:5      | XOM: cloud trail
  4539 | D:6      | Found a staircase to the Ecumenical Temple.
  4575 | D:6      | Found a stormy altar of Qazlal.
  4596 | D:6      | Reached skill level 5 in Shields
  4651 | D:6      | XOM: noise
  5127 | D:7      | Reached skill level 9 in Axes
  5540 | D:7      | XOM: confusion
  5601 | D:7      | Found a sparkling altar of Nemelex Xobeh.
  5622 | D:7      | XOM: chaos cloud
  6001 | D:8      | Found a glowing silver altar of Zin.
  6026 | D:8      | XOM: torment (34/73 hp)
  6220 | D:8      | XOM: summons 5 hostile demons
  6221 | D:8      | Noticed an ice devil
  6237 | D:8      | Lost mutation: Your spells are a little harder to cast, but
                  | a little more powerful. [potion of mutation]
  6237 | D:8      | Lost mutation: You evolve. [potion of mutation]
  6237 | D:8      | Lost mutation: You can translocate small distances at will.
                  | [potion of mutation]
  6237 | D:8      | Gained mutation: Your body sometimes deteriorates upon
                  | taking damage. [potion of mutation]
  6237 | D:8      | Gained mutation: You are partially covered in rugged brown
                  | scales. (AC +1, +3% HP) [potion of mutation]
  6237 | D:8      | Gained mutation: You possess an exceptional clarity of
                  | mind. [potion of mutation]
  6237 | D:8      | Gained mutation: Your mind is acute. (Int +2) [potion of
                  | mutation]
  6383 | D:7      | XOM: cast spell 'Death Channel'
  6386 | D:7      | XOM: enchant monster (good)
  6640 | D:8      | XOM: scenery: 1 doors close
  6692 | D:8      | Reached XP level 9. HP: 58/81 MP: 6/8
  6704 | D:8      | XOM: silly message
  6746 | D:8      | XOM: 4-stop teleportation journey
  6956 | D:8      | Got a crude falchion
  7008 | D:8      | Found a shadowy altar of Dithmenos.
  7382 | D:7      | Reached skill level 10 in Axes
  7384 | D:7      | XOM: potion effect (stabbing)
  7388 | D:7      | XOM: summons 2 friendly demons
  7787 | D:7      | XOM: 5-stop teleportation journey
  7878 | D:7      | Found a bloodstained altar of Trog.
  7885 | D:7      | Found a shattered altar of Ashenzari.
  7888 | D:7      | Found an ancient bone altar of Kikubaaqudgha.
  7891 | D:7      | Found a glowing silver altar of Zin.
  8138 | D:9      | XOM: cleaving
  8141 | D:9      | Reached skill level 11 in Axes
  8203 | D:9      | Found a roughly hewn altar of Beogh.
  8209 | D:9      | XOM: silly message
  8224 | D:9      | Reached XP level 10. HP: 92/92 MP: 9/9
  8273 | D:9      | Found an opulent altar of Gozag.
  8274 | D:9      | Found a radiant altar of Vehumet.
  8287 | D:9      | Found Jas Fuch's Assorted Antiques.
  8295 | D:9      | XOM: give mutations
  8295 | D:9      | Gained mutation: You are frail. (-10% HP) [Xom's mischief]
  8295 | D:9      | Gained mutation: Armour fits poorly on your strangely
                  | shaped body. [Xom's mischief]
  8295 | D:9      | Lost mutation: You are frail. (-10% HP) [Xom's mischief]
  8296 | D:9      | Found a radiant altar of Vehumet.
  8420 | D:9      | XOM: 2-stop teleportation journey
  8450 | D:9      | XOM: 3-stop teleportation journey
  8645 | D:9      | Found a staircase to the Lair.
  9162 | D:9      | XOM: noise
  9289 | D:10     | Entered Level 10 of the Dungeon
  9295 | D:10     | Reached skill level 12 in Axes
  9409 | D:10     | Noticed Grum
  9428 | D:10     | Killed Grum
  9521 | D:10     | XOM: silly message
  9605 | D:10     | XOM: stat loss: -1 Str (19/20)
  9612 | D:10     | Noticed Maurice
  9618 | D:10     | Killed Maurice
  9747 | D:10     | Paralysed by a hornet for 3 turns
 10141 | D:10     | XOM: summons 2 hostile shadow creatures
 10220 | D:10     | XOM: silly message
 10520 | D:11     | Killed an unseen horror
 10621 | D:11     | Noticed a seven-headed hydra
 10635 | D:11     | HP: 3/141 [12-headed hydra (8)]
 10636 | D:11     | Slain by a 13-headed hydra

Illustrated notes

Levels and vault maps discovered:
D:1:      nzn_arrival_settlement, layout_basic, nrook_mini_vaults
D:2:      layout_basic, overflow_temple_1_default, uniq_sigmund
D:3:      layout_basic
D:4:      minmay_clustersquares, layout_gridville, old_standard_altar,
          nicolae_ru_great_annihilating_truth, uniq_ijyb
D:5:      layout_rooms, lemuel_round_altar, serial_glass, glass_columns_b,
          glass_columns_c, glass_columns_b, glass_columns_c, item_on_display_a,
          uniq_edmund
D:6:      layout_rooms, nicolae_qazlal_general_emergency,
          minmay_temple_entry_junction
D:7:      layout_layer_cave, grunt_temple_overflow_cloverleaf,
          nemelex_xobeh_ov_fountains_minmay, serial_glass, glass_columns_a,
          glass_columns_b, glass_columns_b, glass_columns_c, glass_columns_b,
          minmay_increasing_density
D:8:      layout_cave_pods, nicolae_ossuary_entry_giza, basic_altar,
          grunt_dithmenos_smoke
D:9:      layout_roguey [special_room_orc],
          chequers_temple_overflow_statue_of_worship, erik_lair_orcish_takeover,
          serial_shops, nicolae_shop_temple_entry_statues_fountains,
          vehumet_altar_wand_db
D:10:     layout_stronghold, uniq_maurice, uniq_grum
D:11:     layout_loops_ring, kennysheep_just_a_vault

Skill      XL: |  1  2  3  4  5  6  7  8  9 10 |
---------------+-------------------------------+-----
Axes           | 4 5 6 8 9 11 12 | 12.8
Fighting       | 4 5 6 7 8 9 |  9.7
Armour         | 3 4 5 6 8 9 |  9.4
Shields        | 2 3 4 5 7 8 |  8.6
Dodging        | |  1.1

Action                   |  1- 3 |  4- 6 |  7- 9 | 10-12 || total
-------------------------+-------+-------+-------+-------++-------
Melee: Hand axe          |    63 |   127 |   266 |       ||   456
       Headbutt          |     8 |    16 |    71 |    23 ||   118
       Kick              |       |     6 |       |       ||     6
       War axe           |       |       |    74 |   168 ||   242
Evoke: Wand              |       |       |       |     8 ||     8
  Use: Potion            |       |     2 |     3 |     1 ||     6
       Scroll            |       |       |       |     8 ||     8
 Stab: Paralysed         |     1 |     1 |    12 |       ||    14
       Confused          |       |     1 |       |       ||     1
       Invisible         |       |       |     2 |       ||     2
       Petrified         |       |       |     2 |       ||     2
       Petrifying        |       |       |     1 |       ||     1
       Sleeping          |       |       |     1 |       ||     1
Armor: Leather armour    |    18 |    18 |       |       ||    36
       Chain mail        |       |    41 |    70 |       ||   111
       Plate armour      |       |       |    60 |    90 ||   150
       Skin              |       |       |       |    34 ||    34
Dodge: Dodged            |    31 |    52 |   126 |   105 ||   314
       Repelled          |       |       |     4 |     1 ||     5
Block: Buckler           |     5 |    13 |    49 |    49 ||   116

Table legend: (Time is in decaauts)
 A = Elapsed time spent in this place.
 B = Non-inter-level travel time spent in this place.
 C = Inter-level travel time spent in this place.
 D = Time resting spent in this place.
 E = Time spent auto-exploring this place.
 F = Levels seen in this place.
 G = Mean time per level.
                   A        B        C        D        E       F      G
               +--------+--------+--------+--------+--------+-----+--------+
         Total |  10574 |   9976 |    598 |    331 |   8024 |  11 |  961.3 |
       Dungeon |  10574 |   9976 |    598 |    331 |   8024 |  11 |  961.3 |
               +--------+--------+--------+--------+--------+-----+--------+

Top non-repeatable levels by time:
     D:4: 1679 daAuts
     D:8: 1679 daAuts
     D:7: 1588 daAuts
    D:10: 1173 daAuts
     D:9: 977 daAuts
     D:1: 880 daAuts
     D:2: 780 daAuts
     D:5: 648 daAuts
     D:3: 541 daAuts
     D:6: 463 daAuts
    D:11: 161 daAuts
